 Dungeon Crawl Stone Soup version 0.31.0-9-g3a7656b989 (webtiles) character file.

Game seed: 8382232173427795272

303 qw the Skirmisher (level 6, -1/35 HPs)
             Began as a Deep Elf Hunter on Feb 2, 2024.
             Slain by a water moccasin (5 damage)
             ... on level 3 of the Dungeon.
             The game lasted 00:00:08 (2051 turns).

qw the Skirmisher (Deep Elf Hunter)                 Turns: 2051, Time: 00:00:09

Health: -1/35      AC:  8    Str: 10    XL:     6   Next: 15%
Magic:  8/8        EV: 11    Int: 14    God:
Gold:   120        SH:  5    Dex: 18    Spells: 5/5 levels left

rFire   . . .        a - +0 shortbow
rCold   . . .        (shield currently unavailable)
rNeg    . . .        d - +0 ring mail
rPois   .            h - +2 hat
rElec   .            k - +0 cloak
rCorr   .            (no gloves)
SInv    .            (no boots)
Will    .....        f - amulet of reflection
Stlth   +            (no ring)
HPRegen 0.25/turn    (no ring)
MPRegen 0.11/turn

%: reflection
@: lethally poisoned (-1 -> -8)
A: no striking features
a: no special abilities


You were on level 3 of the Dungeon.
You visited 1 branch of the dungeon, and saw 3 of its levels.

You collected 120 gold pieces.


   Skills:
 + Level 1.6 Fighting
 - Level 9.8 Ranged Weapons
 - Level 2.4 Dodging
 - Level 1.2 Stealth


You had 5 spell levels left.
You didn't know any spells.
Your spell library was empty.

Inventory:

Hand Weapons
 a - a +0 shortbow (weapon)
Armour
 d - a +0 ring mail (worn)
 h - a +2 hat (worn)
 k - a +0 cloak (worn)
Jewellery
 f - an amulet of reflection (around neck)
Scrolls
 e - 2 scrolls of identify
 g - a scroll of fear {unknown}
 i - a scroll of amnesia {unknown}
 l - a scroll of brand weapon {unknown}
Potions
 b - 4 potions of curing
 j - 2 potions of berserk rage {unknown}

Dungeon Overview and Level Annotations

Branches:
Dungeon (3/15)

Altars:
Dithmenos
Vehumet

Annotations:
D:2 1 runed translucent door, Crazy Yiuf


Message History

The water moccasin poisons you!
You shoot an arrow. The arrow hits the water moccasin.
The water moccasin is moderately wounded.
You feel very sick.
The water moccasin bites you but does no damage.
A goblin comes into view. It is wielding a +0 club.
You block the goblin's attack. The water moccasin closely misses you.
You shoot an arrow.
The arrow barely misses the water moccasin.
The arrow closely misses the hobgoblin.
You feel sick. The water moccasin barely misses you.
A kobold comes into view. It is wielding a +0 short sword.
The goblin hits you but does no damage.
You shoot an arrow.
The arrow completely misses the water moccasin.
The arrow closely misses the hobgoblin.
The kobold shouts!
You feel sick.
The water moccasin completely misses you.
The goblin hits you but does no damage.
A goblin opens the door.
The water moccasin bites you.
You are more poisoned.
The water moccasin poisons you!
You shoot an arrow. The arrow hits the water moccasin.
The water moccasin is heavily wounded.
You feel very sick.
The water moccasin bites you but does no damage.
The goblin closely misses you.
You shoot an arrow. The arrow hits the water moccasin.
The water moccasin is severely wounded.
You feel very sick. The water moccasin bites you.
The goblin hits you but does no damage. The water moccasin barely misses you.
You shoot an arrow.
The arrow closely misses the water moccasin.
The arrow hits the goblin!
You kill the goblin!
You feel sick. The goblin hits you but does no damage. The hobgoblin hits you.
The water moccasin bites you.
You die...

..######..##..... .. .#
#..##.#.#. . %. ..##
#..##..... .#.# ...#
#..##..... ..'##...#
###..##.###.
#)..#..###.......# #.
#......##........###.
#..Sg..#...###..[...#
#.#g@.##..##.##......
#...#.###.#._.#.#####
....K##%.# #.......##
## ###.
#.#####.....##.##.
...###...# ##...####...
.#.#...#..# #####.#.##.
#........# ##.####.####
##...###<###...###.####
#..# #.....#.....##..


You could see a water moccasin, a hobgoblin, a goblin and a kobold.

Vanquished Creatures
  Sigmund (D:3)
  5 gnolls
  An adder (D:3)
  5 dart slugs
  A ribbon worm (D:2)
  4 orcs (D:3)
  7 ball pythons
  4 endoplasms
  5 giant cockroaches
  7 goblins
  A hobgoblin (D:2)
  5 jackals
  4 quokkas
  4 bats
  4 frilled lizards
  9 kobolds
  4 rats
71 creatures vanquished.

Notes
Turn   | Place    | Note
-------+----------+-------------------------------------------
     0 | D:1      | qw the Deep Elf Hunter began the quest for the Orb.
     0 | D:1      | Reached XP level 1. HP: 12/12 MP: 3/3
     0 | D:1      | 0 ||| qw: Version: 0.3-a-155-g5e7d8dd
     0 | D:1      | 0 ||| qw: Game counter: 2575
     0 | D:1      | 0 ||| qw: Melee chars always use a shield: true
     0 | D:1      | 0 ||| qw: God list: Okawaru
     0 | D:1      | 0 ||| qw: Allow faded altars: false
     0 | D:1      | 0 ||| qw: Do Orc after clearing Dungeon:15 true
     0 | D:1      | 0 ||| qw: Do second Lair branch before Depths: true
     0 | D:1      | 0 ||| qw: Lair rune preference: random
     0 | D:1      | 0 ||| qw: Goals: Normal
     0 | D:1      | 0 ||| PLANNING D:1-11
    71 | D:1      | Reached skill level 6 in Ranged Weapons
    71 | D:1      | Reached XP level 2. HP: 8/16 MP: 4/4
   304 | D:1      | Reached XP level 3. HP: 20/20 MP: 5/5
   616 | D:1      | 616 ||| UPGRADING to +0 ring mail.
   626 | D:1      | 626 ||| DROPPING +0 leather armour.
   627 | D:1      | 627 ||| UPGRADING to amulet of reflection.
   632 | D:1      | 632 ||| READING 4 scrolls labelled GOICRY DOUF RUDECA.
   632 | D:1      | 632 ||| IDENTIFYING scroll labelled SODDUADUMN
   633 | D:1      | 633 ||| DROPPING scroll of butterflies.
   634 | D:1      | 634 ||| DROPPING scroll of torment.
   664 | D:2      | Reached skill level 7 in Ranged Weapons
   974 | D:2      | Found a faded altar of an unknown god.
  1054 | D:2      | Reached XP level 4. HP: 25/25 MP: 6/6
  1075 | D:2      | Reached skill level 8 in Ranged Weapons
  1238 | D:2      | Found a runed translucent door.
  1239 | D:2      | Noticed Crazy Yiuf
  1480 | D:2      | 1480 ||| UPGRADING to +0 helmet.
  1485 | D:2      | 1485 ||| READING 3 scrolls of identify.
  1485 | D:2      | 1485 ||| IDENTIFYING 3 lumpy purple potions
  1783 | D:3      | Found a radiant altar of Vehumet.
  1820 | D:3      | Found a shadowy altar of Dithmenos.
  1824 | D:3      | 1824 ||| UPGRADING to +2 hat.
  1840 | D:3      | HP: 6/25 [poisoned by an adder]
  1922 | D:3      | 1922 ||| DROPPING +0 helmet.
  1923 | D:3      | 1923 ||| UPGRADING to +0 cloak.
  1977 | D:3      | Noticed Sigmund
  1983 | D:3      | Killed Sigmund
  1984 | D:3      | Reached skill level 9 in Ranged Weapons
  1984 | D:3      | Reached XP level 5. HP: 21/29 MP: 7/7
  1984 | D:3      | Reached XP level 6. HP: 24/34 MP: 8/8
  2041 | D:3      | Noticed a water moccasin
  2051 | D:3      | HP: 7/35 [poisoned by a water moccasin]
  2051 | D:3      | Slain by a water moccasin

Levels and vault maps discovered:
D:1:      sevenhm_arrival_forest_fort_large_4, layout_basic
D:2:      layout_basic, hellmonk_ecumenical_altar_lost_god, serial_bayou_ford_a,
          uniq_crazy_yiuf_cottage
D:3:      layout_loops_ring, nicolae_dithmenos_through_a_glass_darkly,
          fiery_altar_vehumet, kennysheep_cross_room,
          minmay_fractal_squares_diagonal_5, uniq_sigmund

Skill      XL: |  1  2  3  4 |
---------------+-------------+-----
Ranged Weapons | 6 7 9 |  9.8
Fighting       | |  1.6
Dodging        | |  2.4
Stealth        | |  1.2

Action                     |  1- 3 |  4- 6 || total
---------------------------+-------+-------++-------
   Fire: Shortbow          |    95 |    85 ||   180
    Use: Scroll            |     1 |     1 ||     2
 Armour: Leather armour    |    13 |       ||    13
         Ring mail         |       |    30 ||    30
  Dodge: Dodged            |    14 |    28 ||    42
  Block: Other             |     2 |     5 ||     7
         Reflection        |       |     1 ||     1

Table legend:
 A = Non-vault XP
 B = Vault XP
 C = Vault XP percentage of total XP
 D = Non-vault monster count
 E = Vault monster count
 F = Vault count percentage of total count
                 A         B        C        D         E       F
            +---------+---------+-------+---------+---------+-------
      Total |     195 |     240 |  55.2 |      66 |       5 |   7.0
            +---------+---------+-------+---------+---------+-------
        D:1 |      57 |       0 |   0.0 |      27 |       0 |   0.0
        D:2 |      99 |       0 |   0.0 |      26 |       0 |   0.0
        D:3 |      39 |     240 |  86.0 |      13 |       5 |  27.8
            +---------+---------+-------+---------+---------+-------
